 Dungeon Crawl Stone Soup version 0.28.0-1-gb440e238dd (webtiles) character file.

Game seed: 10939541937742116173

210 issech the Cudgeller (level 5, -1/53 HPs)
             Began as a Troll Monk on Feb 23, 2022.
             Splashed by a jelly's acid (7 damage)
             ... in a sewer.
             The game lasted 00:14:58 (3252 turns).

issech the Cudgeller (Troll Monk)                   Turns: 3252, Time: 00:14:59

Health: -1/53      AC: -16   Str: 19    XL:     5   Next: 57%
Magic:  4/4        EV: 10    Int:  6    God:
Gold:   73         SH:  0    Dex: 14    Spells: 4/4 levels left

rFire   . . .      SeeInvis .   a - +0 mace
rCold   . . .      Faith    .   (no shield)
rNeg    . . .      Spirit   .   b - +0 robe
rPois   .          Reflect  .   (helmet restricted)
rElec   .          Harm     .   (no cloak)
rCorr   .          Rampage  .   (gloves unavailable)
Will    .....                   (boots unavailable)
Stlth   ++........              (no amulet)
HPRegen 0.97/turn               (no ring)
MPRegen 0.09/turn               (no ring)

@: corroded, very slow
A: large, unfitting armour, claws 3, regeneration 1, shaggy fur 1, tough skin 1
a: no special abilities


You were in a sewer.
You visited 1 branch of the dungeon, and saw 4 of its levels.
You also visited: Sewer.

You collected 73 gold pieces.

Inventory:

Hand Weapons
 a - a +0 mace (weapon)
 i - a +0 dagger of electrocution
 m - a +2 dagger of draining
 z - a +1 short sword of draining
Missiles
 c - 100 stones (quivered)
 f - 6 boomerangs of dispersal
 h - 26 arrows
 j - 20 bolts
 r - a throwing net
 v - 11 sling bullets
Armour
 b - a +0 robe (worn)
Jewellery
 q - a ring of magical power
 A - a ring of resist corrosion
Scrolls
 d - a scroll of amnesia
 g - a scroll of fear
 k - a scroll of silence {unknown}
 l - a scroll of acquirement {unknown}
 n - a scroll of immolation {unknown}
 o - 2 scrolls of enchant weapon {unknown}
 s - a scroll of noise {unknown}
 w - a scroll of teleportation {unknown}
 y - a scroll of holy word {unknown}
 B - a scroll of fog {unknown}
Potions
 e - a potion of haste {unknown}
 p - a potion of lignification {unknown}
 t - a potion of might {unknown}
 u - 2 potions of curing {unknown}
 x - a potion of mutation {unknown}
 C - a potion of invisibility {unknown}
 D - 3 potions of resistance {unknown}
 E - 2 potions of heal wounds {unknown}


   Skills:
 + Level 3.1 Fighting
 + Level 4.6 Maces & Flails
 + Level 0.1 Throwing
 + Level 3.1 Dodging
 + Level 1.2 Stealth


You had 4 spell levels left.
You didn't know any spells.
Your spell library contained the following spells:

 Spells                   Type           Power      Damage    Failure   Level
 Cause Fear               Hex            0%         N/A       99%         4
 Dragon Form              Tmut           0%         N/A       100%        7
 Dragon's Call            Summ           0%         N/A       100%        9


Dungeon Overview and Level Annotations

Branches:
Dungeon (4/15)              Sewer (1/1)
 Temple: D:4-7

Altars:

Annotations:
D:3 Pikel


Innate Abilities, Weirdness & Mutations

You are too large for most types of armour.
You have claws for hands.
Your natural rate of healing is unusually fast.
You are covered in fur. (AC +1)
You have tough skin. (AC +1)


Message History

You enter the shallow water.
Moving in this stuff is going to be slow.
The jelly hits you.
You are splashed with acid!
The jelly barely misses you.
You enter the shallow water.
Moving in this stuff is going to be slow.
The jelly hits you.
You are splashed with acid!
* * * LOW HITPOINT WARNING * * *
You see here a river rat corpse.
You enter the shallow water.
Moving in this stuff is going to be slow.
The jelly closely misses you.
You enter the shallow water.
Moving in this stuff is going to be slow.
The jelly barely misses you.
You enter the shallow water.
Moving in this stuff is going to be slow.
The jelly misses you. The jelly barely misses you.
You hit the jelly but do no damage.
Your claws burn!
The jelly is moderately wounded.
The jelly hits you.
You are splashed with acid!
You barely miss the jelly.
The jelly is moderately wounded.
The jelly barely misses you.
You hit the jelly.
Your claws burn!
The jelly is severely wounded.
The jelly hits you.
You are splashed with acid!
* * * LOW HITPOINT WARNING * * *
The jelly jiggles.
You enter the shallow water.
Moving in this stuff is going to be slow.
The jelly hits you.
* * * LOW HITPOINT WARNING * * *
The acid corrodes you!
You are splashed with acid.
* * * LOW HITPOINT WARNING * * *
The jelly hits you.
* * * LOW HITPOINT WARNING * * *
You are splashed with acid!
You die...

##### ##.!!##
###≈≈.≈≈###
##.≈≈.....≈##
##≈≈≈≈≈#..≈≈≈### ##
#≈≈≈#######J...#
.####..###### ##@≈.#
≈.##≈≈.#.≈≈≈## ##.≈#####
≈..#.....≈≈≈∩## #..≈≈..#
#.≈≈≈.≈.≈##≈..# #≈...._#
##.≈≈.≈.≈≈##≈≈###.≈≈≈..#
.#≈.≈≈##...#.≈##.≈≈≈.###
##≈≈...##.##.≈..≈.####
#≈≈.≈≈≈.###.≈.≈≈≈##
.≈.≈##.≈†≈≈..≈####


You could see a jelly.

Vanquished Creatures
  A jelly (Sewer)
  An iguana (D:4)
  A gnoll (D:1)
  3 adders (D:2)
  A river rat (Sewer)
  A worm (D:2)
  3 dart slugs
  6 bats
  15 endoplasms
  7 giant cockroaches
  8 goblins
  9 hobgoblins
  2 jackals (D:1)
  5 quokkas
  11 ball pythons
  5 frilled lizards
  3 kobolds
  8 rats
  A spectral kobold (D:1)
91 creatures vanquished.

Notes
Turn   | Place    | Note
-------+----------+-------------------------------------------
     0 | D:1      | issech the Troll Monk began the quest for the Orb.
     0 | D:1      | Reached XP level 1. HP: 22/22 MP: 0/0
   143 | D:1      | Reached skill level 3 in Maces & Flails
   148 | D:1      | Reached XP level 2. HP: 27/29 MP: 1/1
   231 | D:1      | Found a faded altar of an unknown god.
   482 | D:1      | Reached XP level 3. HP: 36/36 MP: 2/2
   962 | D:2      | Reached XP level 4. HP: 44/44 MP: 3/3
  1127 | D:2      | Reached skill level 4 in Maces & Flails
  2385 | D:4      | Noticed a lemure
  2385 | D:4      | Noticed a lemure
  2387 | D:4      | Noticed a lemure
  2388 | D:4      | Noticed a lemure
  2388 | D:4      | Noticed Pikel
  2389 | D:4      | Noticed a scorpion
  2405 | D:4      | Reached XP level 5. HP: 45/52 MP: 4/4
  2889 | D:4      | Found a glowing drain.
  2900 | Sewer    | Entered a sewer
  3181 | Sewer    | Found a viscous altar of Jiyva.
  3252 | Sewer    | Splashed by a jelly's acid

Illustrated notes

Levels and vault maps discovered:
D:1:      zaba_arrival_water, layout_loops_ring,
          dreamdust_ecumenical_altar_drowned_temple, minmay_bisected
D:2:      layout_basic, serial_corexii_hall, corexii_hall_statues_s,
          corexii_hall_statues_s, grunt_decor_junction
D:3:      layout_rooms, dk_noncrumbling_3
D:4:      layout_basic, chequers_temple_overflow_statue_of_worship,
          portal_sewer_entry_f, minmay_misc_feat_chi, nzn_random_ring,
          uniq_duvessa, uniq_crazy_yiuf_cottage, uniq_pikel, uniq_menkaure
Sewer:    sewer_hellmonk_slimy_pipes

Skill      XL: |  1  2  3  4  5 |
---------------+----------------+-----
Maces & Flails | 3 4 |  4.6
Dodging        | 3 |  3.1
Fighting       | 3 |  3.1
Throwing       | |  0.1
Stealth        | |  1.2

Action                   |  1- 3 |  4- 6 || total
-------------------------+-------+-------++-------
Melee: Mace              |   136 |   181 ||   317
       Punch             |       |     4 ||     4
Throw: Stone             |     3 |       ||     3
  Use: Scroll            |     2 |       ||     2
 Stab: Sleeping          |       |     2 ||     2
Armor: Robe              |    71 |    80 ||   151
Dodge: Dodged            |   111 |   125 ||   236
